BSA
JERSEY SHORE D-BAGS @ KENILWORTH ACES
08/16/2030
 
TOP OF THE 1ST
Jersey Shore D-Bags batting - Pitching for Kenilworth Aces : RHP José Martínez
Pitching: RHP José Martínez
Batting: LHB José Delgado 0-0: Foul Ball, location: 2F
0-1: Ball
1-1: Swinging Strike
1-2: Ball
2-2: Strikes out swinging
Batting: RHB Ricardo González 0-0: Ball
1-0: Ball
2-0: Called Strike
2-1: Ball
3-1: Foul Ball, location: 2F
3-2: Ground out 6-3 (Groundball, 6)
Batting: LHB Dave Dodd 0-0: Ball
1-0: Called Strike
1-1: SINGLE (Groundball, 56D)
Batting: RHB Tetsunori Ito 0-0: Ground out 5-3 (Groundball, 56S)
Top of the 1st over - 0 runs, 1 hit, 0 errors, 1 left on base; Jersey Shore 0 - Kenilworth 0
BOTTOM OF THE 1ST
Kenilworth Aces batting - Pitching for Jersey Shore D-Bags : RHP Roland Martin
Pitching: RHP Roland Martin
Batting: LHB Barrett Waters 0-0: Called Strike
0-1: Called Strike
0-2: Strikes out looking
Batting: RHB Andrés Lara 0-0: Called Strike
0-1: Foul Ball, location: 2F
0-2: Foul Ball, location: 2F
0-2: TRIPLE (Line Drive, 7LD)
Batting: LHB Santiago Márquez 0-0: Ball
1-0: Foul Ball, location: 2F
1-1: Ground out 6-3 (Groundball, 6)
Andrés Lara scores
Batting: LHB Roy Patrick 0-0: SINGLE (Groundball, 6MD)
Batting: SHB Julián Madrid 0-0: Foul Ball, location: 2F
0-1: Ball
1-1: Ball
2-1: Foul Ball, location: 2F
2-2: Strikes out swinging
Bottom of the 1st over - 1 run, 2 hits, 0 errors, 1 left on base; Jersey Shore 0 - Kenilworth 1
TOP OF THE 2ND
Jersey Shore D-Bags batting - Pitching for Kenilworth Aces : RHP José Martínez
Batting: LHB António Cedeño 0-0: Swinging Strike
0-1: Foul Ball, location: 2F
0-2: Foul Ball, location: 2F
0-2: Strikes out swinging
Batting: RHB Ben Morton 0-0: Fly out, F9 (Flyball, 9)
Batting: LHB Ray Bryant 0-0: Ball
1-0: Ball
2-0: Ground out 3-1 (Groundball, 34S)
Top of the 2nd over - 0 runs, 0 hits, 0 errors, 0 left on base; Jersey Shore 0 - Kenilworth 1
BOTTOM OF THE 2ND
Kenilworth Aces batting - Pitching for Jersey Shore D-Bags : RHP Roland Martin
Batting: RHB Luis Sánchez 0-0: Swinging Strike
0-1: Foul Ball, location: 2F
0-2: Fly out, F7 (Flyball, 7LD)
Batting: RHB Jorge Jiménez 0-0: Called Strike
0-1: Ball
1-1: Ball
2-1: Called Strike
2-2: Ground out U3 (Groundball, 34)
Batting: LHB Jim Jensen 0-0: SINGLE (Groundball, 4D)
Batting: RHB Wilbert Rodgers 0-0: Called Strike
0-1: Ball
1-1: Swinging Strike
1-2: Ball
2-2: Ball
3-2: SINGLE (Flyball, 7S)
Jim Jensen to second
Jim Jensen to third
Batting: LHB Barrett Waters 0-0: Fielders Choice at 2nd, 6-4 (Groundball, 6D)
Bottom of the 2nd over - 0 runs, 2 hits, 0 errors, 2 left on base; Jersey Shore 0 - Kenilworth 1
TOP OF THE 3RD
Jersey Shore D-Bags batting - Pitching for Kenilworth Aces : RHP José Martínez
Batting: RHB Francisco Sandoval 0-0: Foul Ball, location: 2F
0-1: Ball
1-1: Ball
2-1: Swinging Strike
2-2: Foul Ball, location: 2F
2-2: Ball
3-2: Foul Ball, location: 2F
3-2: Foul Ball, location: 2F
3-2: Fly out, F9 (Line Drive, 9)
Batting: RHB Tyler Wagner 0-0: Called Strike
0-1: Ball
1-1: Ground out 6-3 (Groundball, 6)
Batting: LHB José Delgado 0-0: Called Strike
0-1: Ground out U3 (Groundball, 3)
Top of the 3rd over - 0 runs, 0 hits, 0 errors, 0 left on base; Jersey Shore 0 - Kenilworth 1
BOTTOM OF THE 3RD
Kenilworth Aces batting - Pitching for Jersey Shore D-Bags : RHP Roland Martin
Batting: RHB Andrés Lara 0-0: SINGLE (Groundball, 56D)
Batting: LHB Santiago Márquez 0-0: Foul Ball, location: 2F
0-1: Ball
1-1: Foul Ball, location: 2F
1-2: Ball
2-2: 2-RUN HOME RUN (Flyball, 89XD), Distance : 414 ft
Batting: LHB Roy Patrick 0-0: Ball
1-0: Swinging Strike
1-1: Ball
2-1: Swinging Strike
2-2: Strikes out looking
Batting: SHB Julián Madrid 0-0: Foul Ball, location: 2F
0-1: Foul Ball, location: 2F
0-2: Ball
1-2: Ball
2-2: Fly out, F7 (Line Drive, 7)
Batting: RHB Luis Sánchez 0-0: Foul Ball, location: 2F
0-1: Foul Ball, location: 2F
0-2: Foul Ball, location: 2F
0-2: Ball
1-2: Fly out, F8 (Flyball, 8RS)
Bottom of the 3rd over - 2 runs, 2 hits, 0 errors, 0 left on base; Jersey Shore 0 - Kenilworth 3
TOP OF THE 4TH
Jersey Shore D-Bags batting - Pitching for Kenilworth Aces : RHP José Martínez
Batting: RHB Ricardo González 0-0: Ground out 1-3 (Groundball, 15S)
Batting: LHB Dave Dodd 0-0: Ball
1-0: Foul Ball, location: 2F
1-1: Called Strike
1-2: Ball
2-2: SINGLE (Line Drive, 8RS)
Batting: RHB Tetsunori Ito 0-0: Foul Ball, location: 2F
0-1: Ball
1-1: Ball
2-1: Foul Ball, location: 2F
2-2: Ball
3-2: Base on Balls
Dave Dodd to second
Batting: LHB António Cedeño 0-0: Swinging Strike
0-1: Foul Ball, location: 2F
0-2: Ball
1-2: Ball
2-2: Strikes out swinging
Batting: RHB Ben Morton 0-0: Ball
1-0: Called Strike
1-1: Foul Ball, location: 2F
1-2: Foul Ball, location: 2F
1-2: Foul Ball, location: 2F
1-2: SINGLE (Groundball, 6D)
Dave Dodd to third
Tetsunori Ito to second
Runner from 3rd tries for Home, throw and OUT!
Top of the 4th over - 0 runs, 2 hits, 0 errors, 2 left on base; Jersey Shore 0 - Kenilworth 3
BOTTOM OF THE 4TH
Kenilworth Aces batting - Pitching for Jersey Shore D-Bags : RHP Roland Martin
Batting: RHB Jorge Jiménez 0-0: Called Strike
0-1: Ball
1-1: Called Strike
1-2: Ball
2-2: Foul Ball, location: 2F
2-2: Foul Ball, location: 2F
2-2: Reached via error on a dropped throw, E3
Batting: LHB Jim Jensen 0-0: Ball
1-0: Foul Ball, location: 2F
1-1: Called Strike
Jorge Jiménez is caught stealing 2nd base
1-2: Foul Ball, location: 2F
1-2: Ball
2-2: Reached on error, E4 (Groundball, 4)
Batting: RHB Wilbert Rodgers 0-0: Ball
1-0: Called Strike
Passed Ball!
Jim Jensen to third
1-1: Foul Ball, location: 2F
1-2: Ball
2-2: Strikes out swinging
Batting: LHB Barrett Waters 0-0: Ground out 4-3 (Groundball, 4M)
Bottom of the 4th over - 0 runs, 0 hits, 2 errors, 1 left on base; Jersey Shore 0 - Kenilworth 3
TOP OF THE 5TH
Jersey Shore D-Bags batting - Pitching for Kenilworth Aces : RHP José Martínez
Batting: LHB Ray Bryant 0-0: Ball
1-0: Ball
2-0: Foul Ball, location: 2F
2-1: Swinging Strike
2-2: Ball
3-2: SINGLE (Groundball, 6MS) (infield hit)
Batting: RHB Francisco Sandoval 0-0: Called Strike
0-1: Swinging Strike
0-2: Foul Ball, location: 2F
0-2: Ball
1-2: Ball
2-2: Foul Ball, location: 2F
2-2: SINGLE (Groundball, 56D)
Ray Bryant to second
Batting: RHB Tyler Wagner 0-0: Called Strike
0-1: Fly out, F9 (Flyball, 9)
Batting: LHB José Delgado 0-0: Foul Ball, location: 2F
0-1: Foul Ball, location: 2F
0-2: SINGLE (Line Drive, 6MD)
Ray Bryant to third
Francisco Sandoval to second
Batting: RHB Ricardo González 0-0: Called Strike
0-1: Called Strike
0-2: Ball
1-2: Strikes out swinging
Batting: LHB Dave Dodd 0-0: Ball
1-0: Ball
2-0: Called Strike
2-1: GRAND SLAM HOME RUN (Flyball, 89XD), Distance : 410 ft
Batting: RHB Tetsunori Ito 0-0: Ball
1-0: Called Strike
1-1: SINGLE (Groundball, 6MD)
Batting: LHB António Cedeño 0-0: Fly out, F4 (Flyball, 34D)
Top of the 5th over - 4 runs, 5 hits, 0 errors, 1 left on base; Jersey Shore 4 - Kenilworth 3
BOTTOM OF THE 5TH
Kenilworth Aces batting - Pitching for Jersey Shore D-Bags : RHP Roland Martin
Batting: RHB Andrés Lara 0-0: Fly out, F8 (Flyball, 8LD)
Batting: LHB Santiago Márquez 0-0: Ball
1-0: Ball
2-0: Foul Ball, location: 2F
2-1: Called Strike
2-2: Ball
3-2: SINGLE (Groundball, 3S) (infield hit)
Batting: LHB Roy Patrick 0-0: Ball
1-0: Swinging Strike
1-1: Swinging Strike
1-2: Strikes out swinging
Batting: SHB Julián Madrid 0-0: Foul Ball, location: 2F
0-1: Ball
1-1: Ball
2-1: Ball
3-1: Foul Ball, location: 2F
3-2: SINGLE (Groundball, 34S) (infield hit)
Santiago Márquez to second
Batting: RHB Luis Sánchez 0-0: Ball
1-0: Ball
2-0: Called Strike
2-1: 3-RUN HOME RUN (Flyball, 7D), Distance : 392 ft
Batting: RHB Jorge Jiménez 0-0: Ball
1-0: Ball
2-0: Called Strike
2-1: SINGLE (Groundball, 34D)
Pitching: RHP Alex Stanford
Batting: LHB Jim Jensen 0-0: Ball
1-0: Ball
2-0: Ball
3-0: Base on Balls
Jorge Jiménez to second
Batting: RHB Wilbert Rodgers 0-0: Ball
1-0: Called Strike
1-1: Ball
2-1: Foul Ball, location: 2F
2-2: Foul Ball, location: 2F
2-2: SINGLE (Groundball, 6D)
Jorge Jiménez to third
Jim Jensen to second
Runner from 3rd tries for Home, SAFE, throw made home
Batting: LHB Barrett Waters 0-0: SINGLE (Flyball, 7S)
Jim Jensen to third
Wilbert Rodgers to second
Runner from 3rd tries for Home, SAFE, no throw
Batting: RHB Andrés Lara 0-0: Called Strike
0-1: Swinging Strike
0-2: SINGLE (Line Drive, 89M)
Wilbert Rodgers to third
Barrett Waters to second
Runner from 3rd tries for Home, SAFE, no throw
Batting: LHB Santiago Márquez 0-0: Foul Ball, location: 2F
0-1: Ball
1-1: Ball
2-1: Ball
3-1: Called Strike
3-2: Single, Error in OF, E8, batter to second base
Barrett Waters scores
Andrés Lara to third
Batting: LHB Roy Patrick 0-0: Called Strike
0-1: Called Strike
0-2: Strikes out swinging
Bottom of the 5th over - 7 runs, 8 hits, 1 error, 2 left on base; Jersey Shore 4 - Kenilworth 10
TOP OF THE 6TH
Jersey Shore D-Bags batting - Pitching for Kenilworth Aces : RHP José Martínez
Batting: RHB Ben Morton 0-0: Called Strike
0-1: SINGLE (Groundball, 6MS) (infield hit)
Batting: LHB Ray Bryant 0-0: Called Strike
0-1: Foul Ball, location: 2F
0-2: Ball
1-2: Ball
2-2: Foul Ball, location: 2F
2-2: Ball
3-2: Fly out, F7 (Flyball, 7LD)
Batting: RHB Francisco Sandoval 0-0: Ball
1-0: Swinging Strike
1-1: Ball
2-1: Foul Ball, location: 2F
2-2: Ball
3-2: Strikes out looking
Ben Morton is caught stealing 2nd base
Batter strikes out.
Top of the 6th over - 0 runs, 1 hit, 0 errors, 0 left on base; Jersey Shore 4 - Kenilworth 10
BOTTOM OF THE 6TH
Kenilworth Aces batting - Pitching for Jersey Shore D-Bags : RHP Alex Stanford
Batting: SHB Julián Madrid 0-0: Ball
1-0: Foul Ball, location: 2F
1-1: Foul Ball, location: 2F
1-2: Ball
2-2: Fly out, F6 (Popup, 6MS)
Batting: RHB Luis Sánchez 0-0: Ball
1-0: SINGLE (Flyball, 4MD)
Batting: RHB Jorge Jiménez 0-0: Ball
1-0: Called Strike
1-1: Ball
2-1: Swinging Strike
2-2: Fly out, F8 (Flyball, 8RS)
Batting: LHB Jim Jensen 0-0: Ball
1-0: SINGLE (Line Drive, 6D)
Luis Sánchez to second
Batting: RHB Wilbert Rodgers 0-0: Ball
1-0: Called Strike
1-1: Ground out 5-3 (Groundball, 56S)
Bottom of the 6th over - 0 runs, 2 hits, 0 errors, 2 left on base; Jersey Shore 4 - Kenilworth 10
TOP OF THE 7TH
Jersey Shore D-Bags batting - Pitching for Kenilworth Aces : RHP José Martínez
Batting: RHB Tyler Wagner 0-0: Called Strike
0-1: Ball
1-1: Foul Ball, location: 2F
1-2: Ball
2-2: Ball
3-2: Fly out, F7 (Flyball, 78S)
Batting: LHB José Delgado 0-0: Called Strike
0-1: Reached on error, E3 (Groundball, 3S)
Pitching: RHP Pablo Cabral
Batting: RHB Ricardo González 0-0: Called Strike
0-1: Foul Ball, location: 2F
0-2: Ball
1-2: Ball
2-2: Ball
3-2: Foul Ball, location: 2F
3-2: Grounds into double play, 1-6-3 (Groundball, P)
Top of the 7th over - 0 runs, 0 hits, 1 error, 0 left on base; Jersey Shore 4 - Kenilworth 10
BOTTOM OF THE 7TH
Kenilworth Aces batting - Pitching for Jersey Shore D-Bags : RHP Alex Stanford
Batting: LHB Barrett Waters 0-0: Called Strike
0-1: Fly out, F5 (Popup, 5SF)
Batting: RHB Andrés Lara 0-0: Ball
1-0: Called Strike
1-1: Fly out, F8 (Line Drive, 78XD)
Batting: LHB Santiago Márquez 0-0: Foul Ball, location: 2F
0-1: Ball
1-1: Fly out, F8 (Flyball, 8RD)
Bottom of the 7th over - 0 runs, 0 hits, 0 errors, 0 left on base; Jersey Shore 4 - Kenilworth 10
TOP OF THE 8TH
Jersey Shore D-Bags batting - Pitching for Kenilworth Aces : RHP Pablo Cabral
Now at 1B: José Sánchez
Batting: LHB Dave Dodd 0-0: Ball
1-0: Called Strike
1-1: Called Strike
1-2: Foul Ball, location: 2F
1-2: Foul Ball, location: 2F
1-2: Ball
2-2: Ball
3-2: Base on Balls
Batting: RHB Tetsunori Ito 0-0: Ball
1-0: Called Strike
1-1: Fielders Choice at 2nd, 4-6 (Groundball, 4)
Batting: LHB António Cedeño 0-0: Ball
1-0: Called Strike
1-1: Ball
2-1: Fly out, F4 (Popup, 4)
Batting: RHB Ben Morton 0-0: SINGLE (Line Drive, 6MD)
Tetsunori Ito to second
Batting: LHB Ray Bryant 0-0: Ball
1-0: Foul Ball, location: 2F
1-1: Foul Ball, location: 2F
1-2: Strikes out looking
Top of the 8th over - 0 runs, 1 hit, 0 errors, 2 left on base; Jersey Shore 4 - Kenilworth 10
BOTTOM OF THE 8TH
Kenilworth Aces batting - Pitching for Jersey Shore D-Bags : RHP Alex Stanford
Batting: LHB Roy Patrick 0-0: Ball
1-0: Ball
2-0: Fly out, F6 (Popup, 6)
Batting: SHB Julián Madrid 0-0: Ball
1-0: Ball
2-0: Swinging Strike
2-1: Foul Ball, location: 2F
2-2: Fly out, F8 (Flyball, 8LM)
Batting: RHB Luis Sánchez 0-0: Called Strike
0-1: Foul Ball, location: 2F
0-2: DOUBLE (Line Drive, 78D)
Batting: RHB Jorge Jiménez 0-0: Ball
1-0: Called Strike
1-1: SINGLE (Line Drive, 6MD)
Luis Sánchez to third
Batting: LHB Jim Jensen 0-0: Swinging Strike
0-1: Fly out, F4 (Flyball, 4MD)
Bottom of the 8th over - 0 runs, 2 hits, 0 errors, 2 left on base; Jersey Shore 4 - Kenilworth 10
TOP OF THE 9TH
Jersey Shore D-Bags batting - Pitching for Kenilworth Aces : RHP Pablo Cabral
Batting: RHB Francisco Sandoval 0-0: Foul Ball, location: 2F
0-1: Foul Ball, location: 2F
0-2: Ball
1-2: DOUBLE (Line Drive, 9LM)
Batting: RHB Tyler Wagner 0-0: Ball
1-0: Ball
2-0: Foul Ball, location: 2F
2-1: SINGLE (Groundball, 6D)
Francisco Sandoval to third
Batting: LHB José Delgado 0-0: Called Strike
0-1: Called Strike
0-2: Strikes out swinging
Batting: RHB Ricardo González 0-0: Swinging Strike
0-1: Foul Ball, location: 2F
0-2: Strikes out swinging
Batting: LHB Dave Dodd 0-0: Ball
1-0: Ground out U3 (Groundball, 3)
Top of the 9th over - 0 runs, 2 hits, 0 errors, 2 left on base; Jersey Shore 4 - Kenilworth 10
Saturday, April 7th, 2018 - OOTP Baseball 18.8 Build 76